 Dungeon Crawl Stone Soup version 0.29-a0-284-gf9362112df (webtiles) character file.

Game seed: 6015597980168398501

1376 sammy202020 the Ruffian (level 8, 0/79 HPs)
             Began as a Troll Fighter on Mar 18, 2022.
             Slain by a six-headed hydra (11 damage)
             ... on level 6 of the Dungeon.
             The game lasted 00:08:39 (4399 turns).

sammy202020 the Ruffian (Troll Fighter)             Turns: 4399, Time: 00:08:42

Health: 0/79       AC:  5    Str: 25    XL:     8   Next: 39%
Magic:  7/7        EV: 13    Int:  6    God:
Gold:   297        SH:  8    Dex:  9    Spells: 7/7 levels left

rFire   . . .      SeeInvis .   t - +0 morningstar
rCold   . . .      Faith    .   b - +0 kite shield
rNeg    . . .      Spirit   .   a - +1 robe
rPois   .          Reflect  .   (helmet restricted)
rElec   .          Harm     .   (no cloak)
rCorr   .          Rampage  .   (gloves unavailable)
Will    .....                   (boots unavailable)
Stlth   +.........              (no amulet)
HPRegen 1.03/turn               q - +4 ring of evasion
MPRegen 0.10/turn               (no ring)

@: no status effects
A: large, unfitting armour, claws 3, regeneration 1, shaggy fur 1, tough skin 1
a: no special abilities


You were on level 6 of the Dungeon.
You visited 1 branch of the dungeon, and saw 6 of its levels.

You collected 297 gold pieces.

Inventory:

Hand Weapons
 h - a +0 giant spiked club
 s - a +0 flail
 t - a +0 morningstar (weapon)
Missiles
 c - a throwing net
 m - 6 poisoned darts (quivered)
Armour
 a - a +1 robe (worn)
 b - a +0 kite shield (worn)
Jewellery
 d - a ring of magical power
 l - a ring of ice
 q - a +4 ring of evasion (left claw)
Scrolls
 e - 4 scrolls of identify
 g - 2 scrolls of enchant armour
 i - 4 scrolls of teleportation
Potions
 f - a potion of curing
 j - a potion of attraction {unknown}
 k - 2 potions of flight
 n - a potion of haste
 p - a potion of resistance
 r - a potion of mutation
 u - a potion of lignification


   Skills:
 * Level 4.9 Fighting
 + Level 2.4 Maces & Flails
 * Level 4.6 Dodging
 * Level 4.6 Shields
 * Level 5.4 Unarmed Combat


You had 7 spell levels left.
You didn't know any spells.
Your spell library contained the following spells:

 Spells                   Type           Power      Damage    Failure   Level
 Beastly Appendage        Tmut           0%         N/A       75%         1
 Wereblood                Tmut           0%         N/A       86%         2
 Inner Flame              Hex/Fire       0%         N/A       98%         3
 Portal Projectile        Hex/Tloc       0%         N/A       98%         3
 Spider Form              Tmut/Pois      0%         N/A       98%         3
 Animate Armour           Summ/Erth      0%         N/A       100%        4
 Summon Ice Beast         Ice/Summ       0%         N/A       100%        4


Dungeon Overview and Level Annotations

Branches:
Dungeon (6/15)
 Temple: D:4-7

Altars:

Shops:
D:3 [


Innate Abilities, Weirdness & Mutations

You are too large for most types of armour.
You have claws for hands.
Your natural rate of healing is unusually fast.
You are covered in fur. (AC +1)
You have tough skin. (AC +1)


Message History

You claw the ice beast!
You kill the ice beast!
No target in view!
No target in view!
No target in view!
No target in view!
No target in view!
No target in view!
No target in view!
No target in view!
A six-headed hydra comes into view.
The six-headed hydra roars!
Found a stone staircase leading down.
A gnoll comes into view. It is wielding a +0 spear.
Found 2 poisoned darts.
The gnoll shouts!
You hear a shout!
A gnoll comes into view. It is wielding a +0 spear.
A phantom comes into view.
Okay, then.
You can't wield that with only one hand.
t - a +0 morningstar (weapon)
The six-headed hydra bites you but does no damage.
The six-headed hydra bites you!
The six-headed hydra closely misses you.
The six-headed hydra bites you. The six-headed hydra misses you.
You block the six-headed hydra's attack.
A gnoll comes into view. It is wielding a +0 whip.
The gnoll shouts!
You sock the six-headed hydra!
The six-headed hydra is lightly wounded.
The six-headed hydra bites you!
The six-headed hydra closely misses you.
The six-headed hydra bites you! x2; The six-headed hydra bites you.
The six-headed hydra bites you! The six-headed hydra barely misses you.
The six-headed hydra bites you!
* * * LOW HITPOINT WARNING * * *
The six-headed hydra closely misses you.
The six-headed hydra bites you but does no damage.
The six-headed hydra bites you!
You die...

#.........#.. ..
............>...
#..............
###........##....
####................
#...................
#.....[........<....
#...g.D@....<.......
#(..W......#########
#..g#####..# ...
#).# . #..# #..#
#..# #.##


You could see a six-headed hydra, a phantom and 2 gnolls.

Vanquished Creatures
  Grinder (D:4)
  Eustachio (D:5)
  An ice beast (D:6)
  2 sky beasts (D:4)
  An ogre (D:5)
  A gnoll sergeant (D:4)
  2 scorpions (D:5)
  A necrophage (D:5)
  A gnoll shaman (D:4)
  2 orc priests
  An iguana (D:5)
  3 orc wizards
  11 gnolls (D:4)
  6 adders
  A worm (D:3)
  A dart slug (D:5)
  21 orcs
  8 ball pythons
  5 bats
  7 endoplasms
  7 giant cockroaches
  6 goblins
  A hobgoblin (D:4)
  6 jackals (D:1)
  A quokka (D:3)
  2 frilled lizards (D:1)
  7 kobolds
  5 rats
112 creatures vanquished.

Notes
Turn   | Place    | Note
-------+----------+-------------------------------------------
     0 | D:1      | sammy202020 the Troll Fighter began the quest for the Orb.
     0 | D:1      | Reached XP level 1. HP: 22/22 MP: 0/0
   161 | D:1      | Reached XP level 2. HP: 28/29 MP: 1/1
   516 | D:1      | Reached XP level 3. HP: 36/36 MP: 2/2
  1642 | D:3      | Reached skill level 3 in Unarmed Combat
  1642 | D:3      | Reached XP level 4. HP: 32/45 MP: 3/3
  1669 | D:3      | Found a faded altar of an unknown god.
  1991 | D:3      | Found Etousud's Antique Armour Shop.
  2521 | D:4      | Got the Tome of Enthralling Companions
  2527 | D:4      | Noticed a sky beast
  2541 | D:4      | Killed a sky beast
  2542 | D:4      | Reached XP level 5. HP: 45/53 MP: 4/4
  2554 | D:4      | Noticed a sky beast
  2560 | D:4      | Killed a sky beast
  2561 | D:4      | Reached skill level 1 in Maces & Flails
  2561 | D:4      | Reached XP level 6. HP: 49/61 MP: 5/5
  2654 | D:4      | Noticed Grinder
  2663 | D:4      | Killed Grinder
  2664 | D:4      | Reached skill level 4 in Unarmed Combat
  2664 | D:4      | Reached XP level 7. HP: 56/68 MP: 6/6
  3270 | D:4      | HP: 2/70 [gnoll/+0 spear (7)]
  3348 | D:4      | Found the +3 woodcutter's axe {vorpal}
  3434 | D:5      | Entered Level 5 of the Dungeon
  3434 | D:5      | Noticed Eustachio
  3486 | D:5      | Killed Eustachio
  3497 | D:5      | Reached XP level 8. HP: 40/79 MP: 7/7
  3502 | D:5      | Reached skill level 5 in Unarmed Combat
  4394 | D:6      | Noticed a six-headed hydra
  4399 | D:6      | Slain by a six-headed hydra

Illustrated notes

Levels and vault maps discovered:
D:1:      ncdulo_smallfort, layout_basic, minmay_liquid_box,
          grunt_decor_arrowhead, minmay_misc_feat_columns,
          chequers_serial_rivers_micro_e, minmay_tiny_reverse_x
D:2:      minmay_spotlight, layout_basic, minmay_octomino_c4
D:3:      layout_basic, serial_shops, nicolae_shop_overgrown_old_shop,
          basic_ecumenical_altar
D:4:      layout_gridville, pf_guarded_unrand_woodcutter, uniq_grinder
D:5:      layout_loops_ring, uniq_eustachio
D:6:      layout_rooms, minmay_temple_entry_from_below_b,
          kennysheep_generic_room_16, uniq_sigmund

Skill      XL: |  1  2  3  4  5  6  7  8 |
---------------+-------------------------+-----
Fighting       | 3 4 |  4.9
Unarmed Combat | 3 4 5 |  5.4
Shields        | 3 4 |  4.6
Dodging        | 3 4 |  4.6
Maces & Flails | 1 2 |  2.4

Action                   |  1- 3 |  4- 6 |  7- 9 || total
-------------------------+-------+-------+-------++-------
Melee: Unarmed           |    97 |    74 |   198 ||   369
       Morningstar       |       |       |     1 ||     1
Throw: Boomerang         |       |       |     4 ||     4
  Use: Scroll            |     1 |       |    10 ||    11
       Potion            |       |     1 |     4 ||     5
Armor: Robe              |    42 |    24 |    54 ||   120
Dodge: Dodged            |    56 |    39 |   151 ||   246
Block: Kite shield       |    43 |    23 |    89 ||   155

Table legend: (Time is in decaauts)
 A = Elapsed time spent in this place.
 B = Non-inter-level travel time spent in this place.
 C = Inter-level travel time spent in this place.
 D = Time resting spent in this place.
 E = Time spent auto-exploring this place.
 F = Levels seen in this place.
 G = Mean time per level.
                   A        B        C        D        E       F      G
               +--------+--------+--------+--------+--------+-----+--------+
         Total |   4425 |   4379 |     46 |      2 |   3323 |   6 |  737.5 |
       Dungeon |   4425 |   4379 |     46 |      2 |   3323 |   6 |  737.5 |
               +--------+--------+--------+--------+--------+-----+--------+

Top non-repeatable levels by time:
     D:4: 958 daAuts
     D:5: 953 daAuts
     D:3: 859 daAuts
     D:2: 852 daAuts
     D:1: 787 daAuts
     D:6: 14 daAuts
